 Dungeon Crawl Stone Soup version 0.31-a0-496-g6f97920a28 (webtiles) character file.

Game seed: 10527358218762664305

13022 Dittersdorf the Protected (level 12, -4/79 HPs)
             Began as a Gargoyle Fighter on Aug 8, 2023.
             Was a High Priest of Okawaru.
             Slain by Snorg (7 damage)
             ... on level 10 of the Dungeon.
             The game lasted 00:22:18 (9371 turns).

Dittersdorf the Protected (Gargoyle Fighter)        Turns: 9371, Time: 00:22:18

Health: -4/79      AC: 41    Str: 27    XL:     12   Next: 1%
Magic:  11/12      EV:  9    Int: 12    God:    Okawaru [*****.]
Gold:   845        SH:  7    Dex: 15    Spells: 9/11 levels left

rFire   . . .        j - +4 morningstar (protect)
rCold   + . .        c - +0 buckler
rNeg    + . .        z - +1 chain mail {rC+}
rPois   ∞            E - +3 crown of Dyrovepreva {rElec Int+2 SInv}
rElec   +            s - +2 cloak {Will+}
rCorr   +            y - +2 pair of gloves {Stlth+}
SInv    +            i - +1 pair of boots
Will    +....        D - amulet of regeneration Stlth
                     e - +6 ring of dexterity
HPRegen 1.13/turn    J - ring "Vucis" {rCorr Str+3}
MPRegen 0.13/turn

%: no passive effects
@: under a protective aura, invisible
A: sickness immunity, AC +8, negative energy resistance 1, electricity
resistance, torment resistance 1, petrification resistance
a: Renounce Religion, Heroism, Finesse, Duel


You were on level 10 of the Dungeon.
You worshipped Okawaru.
Okawaru was extremely pleased with you.
You visited 2 branches of the dungeon, and saw 11 of its levels.
You also visited: Ossuary and Bailey.

You collected 845 gold pieces.

Inventory:

Hand Weapons
 j - a +4 morningstar of protection (weapon)
Missiles
 o - 4 throwing nets
Armour
 a - a +3 plate armour
 c - a +0 buckler (worn)
 i - a +1 pair of boots (worn)
 s - a +2 cloak of willpower (worn)
 y - a +2 pair of gloves of stealth (worn)
 z - a +1 chain mail of cold resistance (worn)
 E - the +3 crown of Dyrovepreva (worn) {rElec Int+2 SInv}
   (You found it on level 8 of the Dungeon)

   Int:       It affects your intelligence (+2).
   rElec:     It insulates you from electricity.
   SInv:      It lets you see invisible.
Jewellery
 e - a +6 ring of dexterity (left hand)
 n - a +6 ring of intelligence
 D - an amulet of regeneration (around neck)
 J - the ring "Vucis" (right hand) {rCorr Str+3}
   (You acquired it in a bailey)

   [ring of resist corrosion]

   Str:       It affects your strength (+3).
   rCorr:     It protects you from acid and corrosion.
Wands
 H - a wand of iceblast (11)
Scrolls
 h - 4 scrolls of fear
 q - 7 scrolls of teleportation
 r - a scroll of enchant armour
 A - 2 scrolls of fog
 B - a scroll of enchant weapon
 F - a scroll of poison
Potions
 b - 4 potions of cancellation {unknown}
 d - 2 potions of might
 f - 2 potions of invisibility
 g - 3 potions of ambrosia {unknown}
 k - 3 potions of curing {unknown}
 l - 3 potions of haste
 m - a potion of berserk rage
 p - 2 potions of heal wounds
 t - a potion of mutation {unknown}
 u - 3 potions of degeneration {unknown}
 v - a potion of brilliance
 w - a potion of enlightenment
 C - a potion of lignification {unknown}
 G - 2 potions of magic {unknown}
 I - 2 potions of resistance {unknown}


   Skills:
 + Level 10.9 Fighting
 + Level 9.8 Maces & Flails
 + Level 11.0 Armour
 + Level 11.0 Shields


You had 9 spell levels left.
You knew the following spells:

 Your Spells              Type           Power      Damage    Failure   Level
a - Passwall              Tmut/Erth      0%         N/A       89%         2

Your spell library contained the following spells:

 Spells                   Type           Power      Damage    Failure   Level
 Sandblast                Erth           0%         2d4       78%         1
 Slow                     Hex            0%         N/A       78%         1
 Ensorcelled Hibernation  Hex/Ice        0%         N/A       89%         2
 Confusing Touch          Hex            0%         N/A       98%         3
 Inner Flame              Hex/Fire       0%         N/A       98%         3
 Portal Projectile        Hex/Tloc       0%         N/A       98%         3
 Stone Arrow              Conj/Erth      0%         3d7       98%         3
 Vampiric Draining        Necr           0%         2d6       98%         3
 Anguish                  Hex/Necr       0%         N/A       100%        4
 Flame Wave               Conj/Fire      0%         2d4       100%        4
 Iskenderun's Mystic Bla  Conj/Tloc      0%         2d3       100%        4
 Manifold Assault         Tloc           0%         N/A       100%        4
 Passage of Golubria      Tloc           0%         N/A       100%        4
 Sticky Flame             Conj/Fire      0%         2d3       100%        4
 Yara's Violent Unravell  Hex/Tmut       0%         3d3       100%        5
 Dispersal                Tloc           0%         N/A       100%        6
 Disjunction              Tloc           0%         N/A       100%        8
 Tukima's Dance           Hex            Unusable   N/A       N/A         3

Dungeon Overview and Level Annotations

Branches:
Dungeon (10/15)            Temple (1/1) D:7            Lair (0/5) D:9
Ossuary (visited)          Bailey (visited)
    Orc: D:9-12

Altars:
Ashenzari
Cheibriados
Dithmenos
Elyvilon
Fedhas
Gozag
Hepliaklqana
Kikubaaqudgha
Makhleb
Nemelex Xobeh
Okawaru
Qazlal
Ru
Sif Muna
Trog
Uskayaw
Vehumet
Wu Jian
Xom
Yredelemnul
Zin
The Shining One

Shops:
D:1 :   D:3 [

Annotations:
D:10 Snorg
Temple 4 transporters


Innate Abilities, Weirdness & Mutations

You are immune to sickness and miasma.
Your stone body is resilient. (AC +8)
You are immune to poison.
You resist negative energy. (rN+)
You are resistant to electric shocks. (rElec)
You are resistant to unholy torment.
You are immune to petrification.


Message History

You hit Snorg.
Snorg is lightly wounded.
Snorg bites you. You block Snorg's attack. Snorg claws you but does no damage.
You completely miss Snorg.
Snorg is lightly wounded.
Snorg bites you! Snorg claws you but does no damage. x2
You completely miss Snorg.
Snorg is lightly wounded.
You block Snorg's attack. Snorg claws you but does no damage.
You block Snorg's attack. x2; Snorg barely misses you.
Snorg claws you but does no damage.
You closely miss Snorg.
Snorg is lightly wounded.
Snorg barely misses you. Snorg claws you but does no damage.
Snorg barely misses you.
You bludgeon Snorg!!
Snorg is moderately wounded.
Snorg bites you but does no damage. Snorg barely misses you.
Snorg closely misses you.
You bludgeon Snorg!!
Snorg is heavily wounded.
Snorg bites you! Snorg completely misses you. Snorg claws you!
You sock Snorg!
Snorg is heavily wounded.
Snorg bites you! Snorg closely misses you. Snorg barely misses you.
You barely miss Snorg.
Snorg is heavily wounded.
Snorg closely misses you. You block Snorg's attack.
Snorg claws you but does no damage.
You hit Snorg.
Snorg is heavily wounded.
You block Snorg's attack. x2; Snorg claws you but does no damage.
You block Snorg's attack. Snorg claws you!
* * * LOW HITPOINT WARNING * * *
Snorg claws you but does no damage.
You fade into invisibility!
You feel like a meek peon again. Snorg bites you!
* * * LOW HITPOINT WARNING * * *
Snorg barely misses you. Snorg claws you!
You die...

+## ..# #. #.# #...###.#
#.....T)################
#@#...............
###.#.##############
#...#.# #.###.# #.# #.#
#.# #.# #.# #.# #.# #.#
#.# #.#


You could see Snorg (berserk, unable to see you).

Vanquished Creatures
  Gastronok (D:8)
  An orc warlord (Bailey)
  3 two-headed ogres
  Pikel (D:7)
  An ugly thing (D:6)
  Maggie (D:8)
  Psyche (D:8)
  2 trolls
  Grinder (D:3)
  4 yaks
  A shadow (D:8)
  3 wyverns (D:8)
  2 steam dragons
  An acid dragon (D:9)
  3 water moccasins
  Duvessa (D:6)
  4 ice beasts
  7 orc warriors
  3 black bears
  2 ogres
  4 centaurs
  3 lemures
  A phantom (D:6)
  2 kobold brigands (D:7)
  2 bullfrogs
  2 gnoll sergeants
  6 scorpions
  17 wights
  Dowan (D:6)
  7 killer bees
  4 howler monkeys
  2 orc priests
  4 jellies
  3 gnoll boudas
  3 hounds
  3 sleepcaps
  2 iguanas
  Crazy Yiuf (D:3)
  Natasha (thrice) (D:4)
  Terence (D:3)
  9 orc wizards
  8 mummies (Ossuary)
  22 gnolls
  3 adders
  2 shadow imps (D:8)
  3 white imps
  2 ufetubi
  A worm (D:2)
  5 dart slugs
  35 orcs
  6 bats
  10 endoplasms
  4 giant cockroaches
  14 goblins
  7 hobgoblins
  4 jackals (D:2)
  4 quokkas
  2 ball pythons
  5 frilled lizards
  2 gnoll zombies (Ossuary)
  A hobgoblin zombie (Ossuary)
  22 kobolds
  3 kobold zombies (Ossuary)
  2 orc zombies (Ossuary)
  10 rats
300 creatures vanquished.

Vanquished Creatures (others)
  2 gnolls (D:9)
2 creatures vanquished.

Grand Total: 302 creatures vanquished

Notes
Turn   | Place    | Note
-------+----------+-------------------------------------------
     0 | D:1      | Dittersdorf the Gargoyle Fighter began the quest for the
                  | Orb.
     0 | D:1      | Reached XP level 1. HP: 14/14 MP: 1/1
    92 | D:1      | Reached XP level 2. HP: 12/19 MP: 2/2
   297 | D:1      | Found Wenneher's Book Shop.
   469 | D:1      | Reached XP level 3. HP: 23/23 MP: 3/3
  1241 | D:2      | Reached XP level 4. HP: 21/29 MP: 4/4
  1585 | D:3      | Found a white marble altar of Elyvilon.
  1585 | D:3      | Found an ornate altar of the Wu Jian Council.
  1774 | D:3      | Reached XP level 5. HP: 33/33 MP: 5/5
  1890 | D:3      | Noticed Terence
  1900 | D:3      | Killed Terence
  1973 | D:3      | Noticed Grinder
  1979 | D:3      | Paralysed by Grinder for 3 turns
  1985 | D:3      | Killed Grinder
  1986 | D:3      | Reached XP level 6. HP: 30/40 MP: 6/6
  2080 | D:3      | Found Egerypn's Antique Armour Emporium.
  2414 | D:3      | Found a runed translucent door.
  2417 | D:3      | Identified the +6 hammer "Baevap" {venom, rC+}
  2419 | D:3      | Noticed Crazy Yiuf
  2420 | D:3      | Identified the +2 hammer "Zoplacs" {freeze, rC+ Will+}
  2430 | D:3      | Killed Crazy Yiuf
  2448 | D:3      | Identified the +6 hammer "Fyofof" {drain, Stlth+}
  2597 | D:4      | Noticed Natasha
  2602 | D:4      | Killed Natasha
  2603 | D:4      | Reached skill level 5 in Armour
  2603 | D:4      | Found an opulent altar of Gozag.
  2715 | D:4      | Reached skill level 5 in Fighting
  2715 | D:4      | Reached skill level 5 in Shields
  2715 | D:4      | Reached XP level 7. HP: 44/44 MP: 7/7
  2906 | D:4      | Noticed Natasha
  2911 | D:4      | Killed Natasha
  2974 | D:4      | Found a glowing golden altar of the Shining One.
  2975 | D:4      | Found a hide-covered altar of Uskayaw.
  2975 | D:4      | Found a blossoming altar of Fedhas.
  2995 | D:4      | Found a shadowy altar of Dithmenos.
  3049 | D:4      | Learned a level 2 spell: Passwall
  3310 | D:4      | Noticed Natasha
  3315 | D:4      | Killed Natasha
  3471 | D:5      | Entered Level 5 of the Dungeon
  3686 | D:5      | Reached XP level 8. HP: 39/51 MP: 8/8
  3882 | D:5      | Reached skill level 5 in Maces & Flails
  4404 | D:6      | Noticed a red ugly thing
  4420 | D:6      | Killed a red ugly thing
  4421 | D:6      | Reached XP level 9. HP: 29/57 MP: 9/9
  4913 | D:6      | Noticed Dowan
  4914 | D:6      | Noticed Duvessa
  4926 | D:6      | Killed Duvessa
  4946 | D:6      | Killed Dowan
  5691 | D:7      | Noticed Pikel
  5707 | D:7      | Killed Pikel
  5708 | D:7      | Reached XP level 10. HP: 64/65 MP: 10/10
  6355 | D:7      | Found a staircase to the Ecumenical Temple.
  6362 | Temple   | Found a transporter.
  6362 | Temple   | Found a transporter.
  6362 | Temple   | Found a transporter.
  6362 | Temple   | Found a transporter.
  6362 | Temple   | Entered the Ecumenical Temple
  6522 | D:8      | Found an iron altar of Okawaru.
  6530 | D:8      | Became a worshipper of Warmaster Okawaru
  6732 | D:8      | Noticed Maggie
  6746 | D:8      | Killed Maggie
  6746 | D:8      | Reached * piety under Okawaru
  6816 | D:8      | Noticed Psyche
  6822 | D:8      | Noticed Gastronok
  6847 | D:8      | Killed Gastronok
  6847 | D:8      | Reached ** piety under Okawaru
  6848 | D:8      | Reached XP level 11. HP: 54/72 MP: 11/11
  6923 | D:8      | Found a sand-covered staircase.
  6927 | D:8      | Killed Psyche
  6928 | D:8      | Reached skill level 10 in Armour
  6962 | Ossuary  | Entered an ossuary
  7554 | Ossuary  | Reached skill level 10 in Shields
  7578 | Ossuary  | Reached skill level 10 in Fighting
  7771 | D:8      | Found the +3 crown of Dyrovepreva {rElec Int+2 SInv}
  7829 | D:8      | Reached *** piety under Okawaru
  7884 | D:8      | Noticed a two-headed ogre
  7895 | D:8      | Killed a two-headed ogre
  8080 | D:8      | Reached **** piety under Okawaru
  8299 | D:9      | Found a flagged portal.
  8325 | Bailey   | Entered a bailey
  8330 | Bailey   | Noticed an orc warlord
  8418 | Bailey   | Found a runed translucent gate.
  8420 | Bailey   | Found a runed translucent gate.
  8422 | Bailey   | Found a runed translucent gate.
  8532 | Bailey   | Killed an orc warlord
  8594 | Bailey   | Acquired the ring "Vucis" {rCorr Str+3}
  8744 | D:9      | Found a staircase to the Lair.
  8850 | D:9      | Noticed a two-headed ogre
  8858 | D:9      | Killed a two-headed ogre
  9066 | D:9      | Reached ***** piety under Okawaru
  9106 | D:9      | Found a shimmering blue altar of Sif Muna.
  9281 | D:10     | Entered Level 10 of the Dungeon
  9350 | D:10     | Noticed a two-headed ogre
  9352 | D:10     | Noticed Snorg
  9357 | D:10     | Killed a two-headed ogre
  9358 | D:10     | Reached XP level 12. HP: 67/79 MP: 12/12
  9371 | D:10     | HP: 3/79 [Snorg (8)]
  9371 | D:10     | Slain by Snorg

Illustrated notes

Levels and vault maps discovered:
D:1:      lightli_arrival_farm, layout_loops_ring, serial_shops, shop,
          minmay_door_square, minivault_4
D:2:      layout_rooms
D:3:      layout_basic, gammafunk_temple_overflow_statue, serial_shops, shop,
          nicolae_eternal_life, solitary_fountain, uniq_terence,
          uniq_crazy_yiuf_cottage, uniq_grinder
D:4:      cheibrodos_helix_gallery, layout_basic,
          chequers_temple_overflow_statue_of_worship,
          nicolae_gozag_seed_capital, mainiacjoe_overflow_alcove_1, uniq_natasha
D:5:      layout_gridville
D:6:      layout_gridville, uniq_duvessa
D:7:      layout_gridville, minmay_temple_entry_nine_rooms, uniq_pikel
D:8:      nzn_winding_woodlands_medium [nzn_winding_woodlands_hourglass,
          nzn_winding_woodlands_5x15_sidewinder,
          nzn_winding_woodlands_5x5_open_star,
          nzn_winding_woodlands_5x5_checkerboard,
          nzn_winding_woodlands_center_garden,
          nzn_winding_woodlands_5x5_default, nzn_winding_woodlands_5x5_cross,
          nzn_winding_woodlands_5x15_cabin, nzn_winding_woodlands_5x5_three],
          layout_loops_ring, okawaru_trees_2,
          nicolae_ossuary_entry_false_entrances, uniq_psyche, uniq_gastronok,
          uniq_maggie
D:9:      layout_irregular_city, kennysheep_orc_sif_temple,
          grunt_lair_entry_orc_guard_hut, enter_bailey_6
D:10:     kennysheep_big_flooded_room, layout_basic, uniq_snorg
Temple:   hellmonk_temple_divided_pantheon

Skill      XL: |  1  2  3  4  5  6  7  8  9 10 11 |
---------------+----------------------------------+-----
Armour         | 4 5 7 8 9 11 | 11.0
Fighting       | 4 5 7 8 9 10 | 10.9
Shields        | 4 5 7 8 9 11 | 11.0
Maces & Flails | 3 4 5 7 8 9 |  9.8

Action                     |  1- 3 |  4- 6 |  7- 9 | 10-12 || total
---------------------------+-------+-------+-------+-------++-------
  Melee: Flail             |    93 |       |       |       ||    93
         Morningstar       |    50 |    87 |   326 |   483 ||   946
  Throw: Dart              |       |       |       |     2 ||     2
 Invoke: Heroism           |       |       |       |     3 ||     3
    Use: Scroll            |       |     8 |     7 |     5 ||    20
         Potion            |       |       |       |     1 ||     1
 Armour: Scale mail        |    50 |       |       |       ||    50
         Chain mail        |    89 |    71 |   291 |   208 ||   659
         Plate armour      |       |       |       |   205 ||   205
  Dodge: Dodged            |    81 |    46 |   152 |   206 ||   485
  Block: Buckler           |    36 |    15 |   124 |   182 ||   357

Table legend: (Time is in decaauts)
 A = Elapsed time spent in this place.
 B = Non-inter-level travel time spent in this place.
 C = Inter-level travel time spent in this place.
 D = Time resting spent in this place.
 E = Time spent auto-exploring this place.
 F = Levels seen in this place.
 G = Mean time per level.
                   A        B        C        D        E       F      G
               +--------+--------+--------+--------+--------+-----+--------+
         Total |   9603 |   9252 |    351 |    949 |   5540 |  13 |  738.7 |
       Dungeon |   8519 |   8168 |    351 |    402 |   5435 |  10 |  851.9 |
        Temple |      5 |      5 |      0 |      0 |      0 |   1 |    5.0 |
       Ossuary |    748 |    748 |      0 |    503 |    102 |   1 |  748.0 |
        Bailey |    329 |    329 |      0 |     44 |      3 |   1 |  329.0 |
               +--------+--------+--------+--------+--------+-----+--------+

Top non-repeatable levels by time:
     D:3: 1123 daAuts
     D:6: 1091 daAuts
     D:7: 1088 daAuts
     D:1: 1012 daAuts
     D:8: 1004 daAuts
     D:5: 907 daAuts
     D:4: 887 daAuts
 Ossuary: 748 daAuts
     D:9: 742 daAuts
     D:2: 574 daAuts
  Bailey: 329 daAuts
    D:10: 87 daAuts
  Temple: 5 daAuts
